 Dungeon Crawl Stone Soup version 0.29-a0-1016-g236c7fd91e (webtiles) character file.

Game seed: 7030852414669802921

23 skirvin the Slasher (level 2, 0/27 HPs)
             Began as a Minotaur Berserker on Aug 9, 2022.
             Was a Follower of Trog.
             Succumbed to an adder's poison
             ... on level 2 of the Dungeon.
             The game lasted 00:05:15 (546 turns).

skirvin the Slasher (Minotaur Berserker)             Turns: 546, Time: 00:05:16

Health: 0/27       AC:  5    Str: 21    XL:     2   Next: 75%
Magic:  1/1        EV: 11    Int:  4    God:    Trog [*.....]
Gold:   63         SH:  0    Dex:  9    Spells: 1/1 levels left

rFire   . . .      SeeInvis .   a - +0 falchion
rCold   . . .      Faith    .   (no shield)
rNeg    . . .      Spirit   .   g - +0 ring mail
rPois   .          Reflect  .   (helmet restricted)
rElec   .          Harm     .   (no cloak)
rCorr   .          Rampage  .   (no gloves)
Will    .....                   (no boots)
Stlth   ..........              (no amulet)
HPRegen 0.09/turn               (no ring)
MPRegen 0.07/turn               (no ring)

@: lethally poisoned (0 -> -4)
A: horns 2, retaliatory headbutt, screaming 1, wild magic 1
a: Renounce Religion, Berserk


You were on level 2 of the Dungeon.
You worshipped Trog.
Trog was aware of your devotion.
You visited 1 branch of the dungeon, and saw 2 of its levels.

You collected 63 gold pieces.

Inventory:

Hand Weapons
 a - a +0 falchion (weapon)
Armour
 b - a +0 animal skin
 c - a +0 leather armour
 g - a +0 ring mail (worn)
Jewellery
 e - a ring of magical power
Scrolls
 k - a scroll of enchant weapon {unknown}
Potions
 d - a potion of curing
 f - a potion of brilliance
 h - a potion of degeneration {unknown}
 i - a potion of ambrosia
 j - a potion of heal wounds {unknown}


   Skills:
 + Level 4.1 Fighting
 + Level 4.2 Long Blades
 + Level 2.7 Armour
 + Level 2.3 Dodging


You had one spell level left.
You didn't know any spells.
Your spell library contained the following spells:

 Spells                   Type           Power      Damage    Failure   Level
 Scorch                   Fire           0%         2d5       86%         2
 Sublimation of Blood     Necr           0%         N/A       86%         2
 Ozocubu's Armour         Ice            0%         N/A       97%         3
 Flame Wave               Conj/Fire      0%         2d4       100%        4
 Petrify                  Tmut/Erth      0%         N/A       100%        4
 Irradiate                Conj/Tmut      0%         3d11      100%        5
 Metabolic Englaciation   Hex/Ice        0%         N/A       100%        5
 Simulacrum               Ice/Necr       0%         N/A       100%        6
 Summon Cactus Giant      Summ           0%         N/A       100%        6


Dungeon Overview and Level Annotations

Branches:
Dungeon (2/15)

Altars:


Innate Abilities, Weirdness & Mutations

You have a pair of horns on your head.
You reflexively headbutt those who attack you in melee.
You occasionally shout uncontrollably at your foes.
Your spells are a little harder to cast, but a little more powerful.


Message History

The adder closely misses you.
You barely miss the adder. Your headbutt misses the adder.
The adder is almost dead.
The adder barely misses you. The adder closely misses you.
You furiously retaliate!
You headbutt the adder.
You kill the adder!
Trog accepts your kill. 2 adders come into view.
The adder hisses angrily. x2
You see here a book of Scorching.
You pick up a book of Scorching and begin reading...
You add the spells Scorch, Flame Wave and Summon Cactus Giant to your library.
You hit the adder but do no damage.
The adder bites you but does no damage. x2
You barely miss the adder. Your headbutt misses the adder. The adder bites you.
* * * LOW HITPOINT WARNING * * *
The adder bites you.
* * * LOW HITPOINT WARNING * * *
You hit the adder but do no damage. The adder barely misses you. x2
You furiously retaliate!
You headbutt the adder, but do no damage.
The adder bites you but does no damage.
You feel a genetic drift.
You feel the urge to shout.
You no longer feel a malignance within.
You barely miss the adder. The adder barely misses you. The adder bites you.
* * * LOW HITPOINT WARNING * * *
The adder bites you.
* * * LOW HITPOINT WARNING * * *
You are lethally poisoned!
The adder poisons you!
You barely miss the adder.
* * * LOW HITPOINT WARNING * * *
You feel sick. The adder barely misses you.
The adder bites you but does no damage. x2
You hit the adder.
The adder is heavily wounded.
* * * LOW HITPOINT WARNING * * *
You feel sick. The adder barely misses you.
The adder bites you but does no damage. x2
You hit the adder.
The adder is almost dead.
You die...

########### #..........
#..........
############..........
#######.....................
............######..........
#######.#...####............
...# #..........S..........
...# #.........@S..........
...# #.....................
...# #..................?..
...####.#..[............####
..(..##.+[.......$....#.#
.....####.....#######.#.#
..........###.# .#
..........# #.# #
..........# #


You could see 2 adders.

Vanquished Creatures
  An adder (D:2)
  2 worms (D:2)
  An endoplasm (D:1)
  2 hobgoblins (D:1)
  A ball python (D:2)
  2 kobolds
  A rat (D:1)
10 creatures vanquished.

Notes
Turn   | Place    | Note
-------+----------+-------------------------------------------
     0 | D:1      | skirvin the Minotaur Berserker began the quest for the Orb.
     0 | D:1      | Reached XP level 1. HP: 19/19 MP: 0/0
   358 | D:2      | Gained mutation: Your muscles are strong. (Str +4, Int/Dex
                  | -1) [potion of mutation]
   358 | D:2      | Gained mutation: You have hidden genetic defects. [potion
                  | of mutation]
   358 | D:2      | Gained mutation: Your spells are a little harder to cast,
                  | but a little more powerful. [potion of mutation]
   397 | D:2      | Reached XP level 2. HP: 17/27 MP: 1/1
   401 | D:2      | Lost mutation: Your muscles are strong. (Str +4, Int/Dex
                  | -1) [hidden defects]
   542 | D:2      | Gained mutation: You occasionally shout uncontrollably at
                  | your foes. [hidden defects]
   542 | D:2      | Lost mutation: You have hidden genetic defects. [hidden
                  | defects expressed]
   544 | D:2      | HP: 1/27 [poisoned by an adder]
   546 | D:2      | Succumbed to an adder's poison

Illustrated notes

Levels and vault maps discovered:
D:1:      lightli_arrival_quake, layout_loops_ring
D:2:      layout_basic, ebering_ecumenical_altar_rust, nicolae_wormholes,
          uniq_natasha

Skill      XL: |  1  2 |
---------------+-------+-----
Long Blades    | 4 |  4.2
Fighting       | 4 |  4.1
Armour         | |  2.7
Dodging        | |  2.3

Action                   || total
-------------------------++-------
Melee: Falchion          ||    38
       Headbutt          ||     4
  Use: Scroll            ||     6
       Potion            ||     2
Armor: Ring mail         ||    15
       Animal skin       ||     1
Dodge: Dodged            ||    22

Table legend: (Time is in decaauts)
 A = Elapsed time spent in this place.
 B = Non-inter-level travel time spent in this place.
 C = Inter-level travel time spent in this place.
 D = Time resting spent in this place.
 E = Time spent auto-exploring this place.
 F = Levels seen in this place.
 G = Mean time per level.
                   A        B        C        D        E       F      G
               +--------+--------+--------+--------+--------+-----+--------+
         Total |    549 |    549 |      0 |      0 |      0 |   2 |  274.5 |
       Dungeon |    549 |    549 |      0 |      0 |      0 |   2 |  274.5 |
               +--------+--------+--------+--------+--------+-----+--------+

Top non-repeatable levels by time:
     D:1: 358 daAuts
     D:2: 191 daAuts
